AoeStats
← PVC

Black Forest

504782118Analyzed
4v4 RM · 25d ago on Sep 6, 2026· 42m 43s· 8 players
Game mode
Random Map
Map size
Large (8 player)
Population
200
Speed
Normal
Resources
Standard
Victory
Conquest
Starting age
Dark Age
Ending age
Imperial Age
RankedLock teamsTeams togetherTeam positionsShared explorationLock speedFull tech treeHidden civsTurbo modeCheats
Victory
Defeat
🇫🇷 Mongols · France
1464
+9
🇩🇪 Portuguese · Germany
1461
+9
🇪🇸 Persians · Spain
1460
+9
🇺🇸 Sicilians · United States
1396
+12
🇭🇰 Poles · Hong Kong SAR China
1314
-10
🇩🇪 Teutons · Germany
1308
-10
🇨🇭 Burgundians · Switzerland
1299
-10
🇳🇱 Khmer · Netherlands
1284
-9
jimmy
8:28 Loom
12:44 Feudal Age
16:20 Castle Age
14:56 Double-Bit Axe
18:51 Bow Saw
25:48 Scale Mail Armor
25:59 Forging
26:18 Arson
29:01 Chain Mail Armor
29:48 Iron Casting
30:26 Fletching
30:28 Horse Collar
33:12 Gold Mining
33:16 Stone Mining
34:08 Wheelbarrow
33:19 Town Watch
34:38 Gold Shaft Mining
34:08 Fishing Lines
38:10 Imperial Age
36:16 Heavy Plow
36:13 Bodkin Arrow
37:06 Ballistics
37:04 Masonry
38:25 Hand Cart
38:12 Gillnets
39:30 Plate Mail Armor
39:46 Stone Shaft Mining
40:36 Blast Furnace
40:53 Elite Serjeant
42:04 First Crusade
42:05 Conscription
42:21 Squires
Rocgash
0:36 Loom
12:11 Feudal Age
13:07 Double-Bit Axe
16:04 Castle Age
14:36 Gold Mining
14:37 Stone Mining
17:16 Fletching
20:13 Bodkin Arrow
21:22 Fishing Lines
25:07 Ballistics
33:26 Imperial Age
32:41 Bow Saw
33:32 Stone Shaft Mining
34:10 Bracer
36:16 Chemistry
36:23 Thumb Ring
36:45 Parthian Tactics
36:33 Bloodlines
37:16 Husbandry
37:42 Conscription
38:51 Padded Archer Armor
39:50 Elite Mangudai
eraycoskun33
1:44 Loom
15:21 Feudal Age
16:04 Double-Bit Axe
16:55 Wheelbarrow
21:51 Castle Age
20:23 Stone Mining
20:23 Gold Mining
20:35 Fishing Lines
21:14 Gold Mining
23:18 Hand Cart
23:20 Gillnets
25:07 Bow Saw
25:25 Town Watch
28:17 Horse Collar
28:52 Fletching
29:52 Bodkin Arrow
34:02 Imperial Age
33:00 Heavy Plow
34:04 Elite Organ Gun
34:44 Circumnavigation
34:45 Arquebus
35:05 Conscription
35:53 Chemistry
38:41 Siege Engineers
41:17 Masonry
41:29 Bombard Tower
42:09 Bracer
42:09 Scale Mail Armor
42:20 Forging
42:10 Padded Archer Armor
42:32 Ballistics
42:08 Murder Holes
42:58 Masonry
42:42 Pikeman
43:08 Gambesons
42:43 Man-at-Arms
TdB.victor2.01
6:59 Loom
12:31 Feudal Age
13:16 Double-Bit Axe
16:13 Castle Age
15:32 Fishing Lines
18:50 Bow Saw
19:54 Wheelbarrow
19:07 Town Watch
26:54 Gillnets
28:40 Hand Cart
28:26 Town Patrol
33:08 Imperial Age
31:59 Scale Barding Armor
32:05 Forging
32:16 Horse Collar
33:02 Chain Barding Armor
33:05 Bloodlines
32:55 Husbandry
33:52 Conscription
34:21 Hoardings
33:08 Elite War Elephant
34:58 Plate Barding Armor
34:59 Iron Casting
34:53 Caravan
38:18 Blast Furnace
38:24 Gold Mining
38:24 Stone Mining
PVC
0:33 Loom
5:32 Loom
11:58 Feudal Age
17:00 Castle Age
15:00 Fishing Lines
17:52 Wheelbarrow
17:03 Town Watch
17:39 Gillnets
17:46 Double-Bit Axe
22:25 Bow Saw
25:30 Hand Cart
26:13 Redemption
26:24 Sanctity
27:07 Horse Collar
27:20 Gold Mining
31:21 Imperial Age
30:31 Bloodlines
30:31 Scale Barding Armor
30:37 Forging
30:17 Fletching
31:32 Chain Barding Armor
31:19 Stone Mining
31:42 Heavy Plow
31:50 Town Patrol
32:04 Caravan
32:34 Coinage
32:34 Conscription
31:54 Cavalier
33:13 Iron Casting
32:34 Bodkin Arrow
33:42 Stone Shaft Mining
32:59 Gillnets
35:04 Chemistry
34:25 Ballistics
34:16 Masonry
34:12 Siege Engineers
34:55 Plate Barding Armor
35:15 Paladin
37:55 Banking
37:41 Guilds
39:10 Crop Rotation
39:45 Blast Furnace
38:47 Scale Mail Armor
38:47 Padded Archer Armor
38:15 Onager
38:18 Pikeman
38:58 Squires
38:43 Arson
40:37 Gambesons
40:33 Halberdier
41:31 Chain Mail Armor
43:41 Plate Mail Armor
try [H A R D]
5:12 Loom
11:55 Feudal Age
11:47 Double-Bit Axe
16:31 Castle Age
14:24 Horse Collar
15:25 Bow Saw
18:28 Wheelbarrow
20:00 Heavy Plow
22:37 Scale Barding Armor
22:43 Forging
23:09 Gold Mining
24:00 Chain Barding Armor
24:18 Husbandry
25:54 Hand Cart
25:03 Cavalier
26:35 Husbandry
29:19 Husbandry
34:22 Fletching
Damage147
1:46 Loom
14:45 Feudal Age
19:04 Castle Age
17:23 Double-Bit Axe
18:33 Horse Collar
19:09 Stone Mining
20:50 Gold Mining
21:30 Bow Saw
22:01 Heavy Plow
23:48 Wheelbarrow
25:31 Town Watch
26:16 Fishing Lines
33:03 Imperial Age
32:01 Hand Cart
33:01 Husbandry
33:11 Bloodlines
34:04 Gold Shaft Mining
33:34 Tusk Swords
34:35 Forging
34:33 Scale Barding Armor
35:43 Chemistry
36:22 Chain Barding Armor
36:40 Iron Casting
36:27 Conscription
36:54 Crop Rotation
37:15 Ballistics
37:07 Elite Battle Elephant
39:10 Theocracy
39:08 Illumination
38:57 Fervor
kingprodios
0:48 Loom
14:11 Feudal Age
19:52 Castle Age
18:42 Double-Bit Axe
32:44 Fletching
38:01 Bow Saw
40:25 Imperial Age
38:34 Wheelbarrow
Connection lost

Rejoining the realm…

Still unreachable

The connection could not be restored.

Session expired

The server has moved on; the page needs a fresh start.